[Event "4NCL Div 2 2024-25"]
[Site "England"]
[Date "2025.02.16"]
[Round "6.32"]
[White "Alldritt, Nigel R E"]
[Black "Grimmett, Ashton"]
[Result "1-0"]
[Annotator "NA COMBH"]
[ECO "E62"]
[WhiteElo "1898"]
[BlackElo "1780"]
[PlyCount "145"]
[EventDate "2024.11.23"]
[EventType "team-tourn"]
[EventCountry "ENG"]
[SourceTitle "playchess.com"]
[Source "ChessBase"]
[SourceQuality "1"]
[TimeControl "40/6000+30:3000+30"]

1. d4 Nf6 2. c4 g6 3. g3 c6 4. Nc3 Bg7 5. e4 d6 6. Bg2 O-O 7. Nf3 Be6 8. Qe2 a6 9. O-O Qc8 10. Na4 Bxc4 11. Qxc4 b5 12. Qc2 bxa4 13. Re1 a3 14. b3 c5 15. dxc5 Nd5 16. e5 Nb4 17. Qe4 N8c6 18. Bxa3 d5 19. Qe2 e6 20. Bb2 a5 21. a3 Na6 22. Rac1 Qb7 23. Qc2 Rfb8 24. Nd2 Bf8 25. Re3 Ra7 26. Qd1 Qc7 27. Qg4 h5 28. Qd1 Rb5 29. Bf1 Rxc5 30. Bxa6 Rxa6 31. Qe2 Rxc1+ 32. Bxc1 Rb6 33. Bb2 Bg7 34. f4 Bf8 35. Kg2 Ne7 36. Rc3 Rc6 37. Qd3 Nf5 38. Nf3 Rxc3 39. Qxc3 Qxc3 40. Bxc3 a4 41. bxa4 Bxa3 42. a5 Bc5 43. a6 Ne3+ 44. Kh1 Nf5 45. Ne1 Ne7 46. Bb4 Bxb4 47. a7 Bxe1 48. a8=Q+ Kg7 49. Qa1 Bd2 50. Qd4 Be1 51. Qe3 Bb4 52. Qb3 Bd2 53. Qd3 Be1 54. h3 h4 55. g4 Bg3 56. Qa3 Ng8 57. Qe3 Ne7 58. Kg2 Kg8 59. Qa3 Bxf4 60. Qxe7 Bxe5 61. Qxh4 Kg7 62. Qe1 Bf6 63. h4 Be7 64. Qe5+ Bf6 65. Qe1 Be7 66. g5 Kh7 67. Qe5 Kg8 68. Kf3 Kh7 69. Kg4 Bd8 70. Qd6 Ba5 71. Qf8 Bc3 72. Qxf7+ Bg7 73. h5 1-0